 Dungeon Crawl Stone Soup version 0.30-a0-322-g102857c98e (webtiles) character file.

Game seed: 6572267103337568485

176 McGhostyFace the Sneak (level 5, -1/41 HPs)
             Began as a Gnoll Wanderer on Oct 28, 2022.
             Slain by Grinder (5 damage)
             ... on level 3 of the Dungeon.
             The game lasted 00:06:57 (2430 turns).

McGhostyFace the Sneak (Gnoll Wanderer)             Turns: 2430, Time: 00:06:57

Health: -1/41      AC: 12    Str:  8    XL:     5   Next: 56%
Magic:  12/12      EV: 10    Int: 11    God:
Gold:   78         SH:  0    Dex: 17    Spells: 9/14 levels left

rFire   . . .      SeeInvis .    a - +0 quarterstaff
rCold   . . .      Faith    .    (shield currently unavailable)
rNeg    . . .      Spirit   .    h - quicksilver dragon scales
rPois   .          Reflect  .    b - +0 helmet
rElec   .          Harm     .    (no cloak)
rCorr   .          Rampage  .    m - +0 pair of gloves
Will    +....                    u - +0 pair of boots
Stlth   +++.......               (no amulet)
HPRegen 0.26/turn                (no ring)
MPRegen 0.13/turn                (no ring)

@: no status effects
A: fangs 1, strong nose, distributed training
a: no special abilities


You were on level 3 of the Dungeon.
You visited 1 branch of the dungeon, and saw 3 of its levels.

You collected 78 gold pieces.

Inventory:

Hand Weapons
 a - a +0 quarterstaff (weapon)
Armour
 b - a +0 helmet (worn)
 h - quicksilver dragon scales (worn)
 m - a +0 pair of gloves (worn)
 u - a +0 pair of boots (worn)
Scrolls
 d - a scroll of identify {unknown}
 i - 3 scrolls of teleportation {unknown}
 k - a scroll of poison {unknown}
 n - a scroll of brand weapon {unknown}
 r - a scroll of noise {unknown}
 s - a scroll of magic mapping {unknown}
Potions
 c - a potion of berserk rage
 e - a potion of curing {unknown}
 f - 2 potions of might {unknown}
 g - a potion of magic {unknown}
 j - a potion of resistance {unknown}
 l - a potion of flight {unknown}
 o - a potion of lignification {unknown}
 p - a potion of cancellation {unknown}
 q - a potion of attraction {unknown}


   Skills:
 + Level 3.0 Fighting
 + Level 1.6 Short Blades
 + Level 1.6 Long Blades
 + Level 1.6 Axes
 + Level 1.6 Maces & Flails
 + Level 1.6 Polearms
 + Level 3.0 Staves
 + Level 1.6 Ranged Weapons
 + Level 1.6 Throwing
 + Level 1.6 Armour
 + Level 1.6 Dodging
 + Level 6.2 Stealth
 + Level 1.6 Shields
 + Level 1.6 Unarmed Combat
 + Level 5.2 Spellcasting
 + Level 1.3 Conjurations
 + Level 1.3 Hexes
 + Level 1.3 Summonings
 + Level 5.6 Necromancy
 + Level 1.3 Translocations
 + Level 1.3 Transmutations
 + Level 1.3 Fire Magic
 + Level 1.3 Ice Magic
 + Level 1.3 Air Magic
 + Level 1.3 Earth Magic
 + Level 1.3 Poison Magic
 + Level 1.8 Invocations
 + Level 1.6 Evocations


You had 9 spell levels left.
You knew the following spells:

 Your Spells              Type           Power      Damage    Failure   Level
a - Necrotise             Necr           60%        1d7       6%          1
b - Dispel Undead         Necr           15%        3d10      54%         4

Your spell library contained the following spells:

 Spells                   Type           Power      Damage    Failure   Level
 Kiss of Death            Conj/Necr      40%        2d8       16%         1
 Beastly Appendage        Tmut           10%        N/A       36%         1
 Wereblood                Tmut           5%         N/A       50%         2
 Ozocubu's Armour         Ice            5%         N/A       73%         3
 Spider Form              Tmut/Pois      5%         N/A       73%         3
 Ozocubu's Refrigeration  Ice            2%         4d8       100%        7


Dungeon Overview and Level Annotations

Branches:
Dungeon (3/15)

Altars:
Sif Muna

Shops:
D:2 [

Annotations:
D:3 1 runed translucent door, Crazy Yiuf, Grinder


Innate Abilities, Weirdness & Mutations

You have very sharp teeth.
Your uncanny sense of smell can sniff out nearby items.
Your experience applies equally to all skills.


Message History

Pain shoots through your body!
You hit Grinder.
Grinder is lightly wounded.
Grinder gestures at you. Pain shoots through your body!
You hit Grinder.
Grinder is moderately wounded.
Grinder closely misses you.
You sock Grinder!
Grinder is heavily wounded.
Grinder hits you but does no damage. Grinder closely misses you.
You sock Grinder!
Grinder is severely wounded.
Grinder hits you but does no damage.
You closely miss Grinder.
Grinder is severely wounded.
Grinder hits you but does no damage.
You hit Grinder.
Grinder is severely wounded.
Grinder blinks!
Grinder gestures at you. You resist with almost no effort. Grinder hits you.
You hit Grinder.
Grinder is severely wounded.
Grinder gestures at you. You resist with almost no effort.
You hit Grinder. You bite Grinder, but do no damage.
Grinder is almost dead.
Grinder hits you.
You writhe in agony.
You closely miss Grinder.
Grinder is almost dead.
Grinder hits you.
* * * LOW HITPOINT WARNING * * *
You hit Grinder.
Grinder is almost dead.
Grinder hits you.
* * * LOW HITPOINT WARNING * * *
You writhe in agony.
You die...

#..#....## #
#.....### #
#######.#^(.#
########
.....#...(.###.......
..............###...
∆
....#....##.........
##.##.......####....
##### #.#.....##.#
#.... #)g.#
##.@.######.#####...
#...# #..5##
#......... ... #..##
######.... #+# #..#
#.... ♣.♣♣ #.## #....
♣♣.♣ #.# ##... ♣.♣♣
#.# ##.. ♣♣.♣ #.# ###
♣♣.♣♣ #.#


You could see Grinder.

Vanquished Creatures
  Jessica (D:3)
  An orc wizard (D:3)
  4 adders
  3 worms (D:2)
  2 dart slugs (D:2)
  11 orcs (D:3)
  5 ball pythons
  7 bats
  5 endoplasms
  3 giant cockroaches
  5 goblins
  4 hobgoblins
  2 jackals (D:1)
  3 kobolds
  A quokka (D:3)
  3 frilled lizards
  7 rats
67 creatures vanquished.

Notes
Turn   | Place    | Note
-------+----------+-------------------------------------------
     0 | D:1      | McGhostyFace the Gnoll Wanderer began the quest for the
                  | Orb.
     0 | D:1      | McGhostyFace set off with the following items: a +0
                  | quarterstaff, a +0 helmet, a potion of berserk rage, a +0
                  | robe; and the following spells available to memorise:
                  | Necrotise, Kiss of Death, Dispel Undead.
     0 | D:1      | Reached XP level 1. HP: 17/17 MP: 6/6
   184 | D:1      | Reached XP level 2. HP: 22/23 MP: 7/7
   793 | D:1      | Reached skill level 5 in Spellcasting
   793 | D:1      | Reached XP level 3. HP: 28/28 MP: 7/9
   861 | D:1      | Learned a level 1 spell: Necrotise
   872 | D:2      | Reached skill level 6 in Stealth
   872 | D:2      | Reached skill level 1 in Invocations
   879 | D:2      | Identified the +0 robe of Ru's Wrath {Int+3 Dex+3}
  1265 | D:2      | Reached skill level 1 in Short Blades
  1265 | D:2      | Reached skill level 1 in Long Blades
  1265 | D:2      | Reached skill level 1 in Axes
  1265 | D:2      | Reached skill level 1 in Maces & Flails
  1265 | D:2      | Reached skill level 1 in Polearms
  1265 | D:2      | Reached skill level 1 in Ranged Weapons
  1265 | D:2      | Reached skill level 1 in Throwing
  1265 | D:2      | Reached skill level 1 in Armour
  1265 | D:2      | Reached skill level 1 in Dodging
  1265 | D:2      | Reached skill level 1 in Shields
  1265 | D:2      | Reached skill level 1 in Unarmed Combat
  1265 | D:2      | Reached skill level 1 in Evocations
  1301 | D:2      | Found Soskos's Armour Shop.
  1460 | D:2      | Reached XP level 4. HP: 34/34 MP: 11/11
  1533 | D:3      | Reached skill level 1 in Conjurations
  1533 | D:3      | Reached skill level 1 in Hexes
  1533 | D:3      | Reached skill level 1 in Summonings
  1533 | D:3      | Reached skill level 1 in Translocations
  1533 | D:3      | Reached skill level 1 in Transmutations
  1533 | D:3      | Reached skill level 1 in Fire Magic
  1533 | D:3      | Reached skill level 1 in Ice Magic
  1533 | D:3      | Reached skill level 1 in Air Magic
  1533 | D:3      | Reached skill level 1 in Earth Magic
  1533 | D:3      | Reached skill level 1 in Poison Magic
  1780 | D:3      | Reached XP level 5. HP: 37/40 MP: 12/12
  1853 | D:3      | Learned a level 4 spell: Dispel Undead
  1912 | D:3      | Noticed Grinder
  1943 | D:3      | Found a shimmering blue altar of Sif Muna.
  1963 | D:3      | Paralysed by Grinder for 4 turns
  2214 | D:3      | Noticed Jessica
  2226 | D:3      | Killed Jessica
  2374 | D:3      | Found a runed translucent door.
  2375 | D:3      | Noticed Crazy Yiuf
  2430 | D:3      | Slain by Grinder

Illustrated notes

Levels and vault maps discovered:
D:1:      evilmike_arrival_rings, layout_basic
D:2:      layout_basic, serial_shops, shop, roderic_three_in_a_row
D:3:      layout_rooms, lemuel_doored_altar, uniq_jessica, uniq_grinder,
          uniq_crazy_yiuf_cottage

Skill      XL: |  1  2  3  4  5 |
---------------+----------------+-----
Spellcasting   | 5 |  5.2
Stealth        | 6 |  6.2
Invocations    | 1 |  1.8
Short Blades   | 1 |  1.6
Long Blades    | 1 |  1.6
Axes           | 1 |  1.6
Maces & Flails | 1 |  1.6
Polearms       | 1 |  1.6
Ranged Weapons | 1 |  1.6
Throwing       | 1 |  1.6
Armour         | 1 |  1.6
Dodging        | 1 |  1.6
Shields        | 1 |  1.6
Unarmed Combat | 1 |  1.6
Evocations     | 1 |  1.6
Conjurations   | 1 |  1.3
Hexes          | 1 |  1.3
Summonings     | 1 |  1.3
Translocations | 1 |  1.3
Transmutations | 1 |  1.3
Fire Magic     | 1 |  1.3
Ice Magic      | 1 |  1.3
Air Magic      | 1 |  1.3
Earth Magic    | 1 |  1.3
Poison Magic   | 1 |  1.3
Fighting       | 3 |  3.0
Staves         | 3 |  3.0
Necromancy     | |  5.6

Action                   |  1- 3 |  4- 6 || total
-------------------------+-------+-------++-------
Melee: Quarterstaff      |    80 |   109 ||   189
       Bite              |     4 |    17 ||    21
Throw: Dart              |       |     4 ||     4
 Cast: Necrotise         |     3 |       ||     3
 Stab: Sleeping          |    17 |     9 ||    26
Armor: Robe              |     6 |       ||     6
       Quicksilver drago |    22 |    43 ||    65
Dodge: Dodged            |    50 |    57 ||   107

Table legend: (Time is in decaauts)
 A = Elapsed time spent in this place.
 B = Non-inter-level travel time spent in this place.
 C = Inter-level travel time spent in this place.
 D = Time resting spent in this place.
 E = Time spent auto-exploring this place.
 F = Levels seen in this place.
 G = Mean time per level.
                   A        B        C        D        E       F      G
               +--------+--------+--------+--------+--------+-----+--------+
         Total |   2461 |   2422 |     39 |    291 |   1366 |   3 |  820.3 |
       Dungeon |   2461 |   2422 |     39 |    291 |   1366 |   3 |  820.3 |
               +--------+--------+--------+--------+--------+-----+--------+

Top non-repeatable levels by time:
     D:1: 869 daAuts
     D:2: 797 daAuts
     D:3: 794 daAuts
